 Dungeon Crawl Stone Soup version 0.24.0-41-g2ae2f7f1be (webtiles) character file.

Game seed: 6596716147871232796, levelgen mode: deterministic

15 Hasart the Ducker (level 2, -1/19 HPs)
             Began as a Vampire Gladiator on Dec 11, 2019.
             Slain by Natasha (4 damage)
             ... on level 2 of the Dungeon.
             The game lasted 00:02:44 (473 turns).

Hasart the Ducker (Vampire Gladiator)                Turns: 473, Time: 00:02:44

Health: -1/19      AC:  4    Str: 13    XL:     2   Next: 34%
Magic:  2/2        EV: 13    Int: 10    God:
Gold:   50         SH:  0    Dex: 15    Spells: 1/1 levels left

rFire    . . .     SeeInvis +   a - +0 long sword
rCold    . . .     Gourm    .   (no shield)
rNeg     . . .     Faith    .   b - +0 leather armour
rPois    .         Spirit   .   c - +0 helmet
rElec    .         Reflect  .   (no cloak)
rCorr    .         Harm     .   (no gloves)
MR       .....                  (no boots)
Stlth    ++........             (no amulet)
HPRegen  0.26/turn              (no ring)
MPRegen  0.08/turn              (no ring)

@: regenerating quickly, slowed, very slow
A: no food, fangs 3, see invisible, [frail 1], unbreathing
a: Exsanguinate


You were on level 2 of the Dungeon.
You were alive.

You visited 1 branch of the dungeon, and saw 2 of its levels.

You collected 50 gold pieces.

Inventory:

Hand Weapons
 a - a +0 long sword (weapon)
Missiles
 d - 3 throwing nets (quivered)
Armour
 b - a +0 leather armour (worn)
 c - a +0 helmet (worn)
Scrolls
 e - a scroll of identify {unknown}
 f - 2 scrolls of remove curse {unknown}
 g - a scroll of blinking {unknown}
 h - a scroll of enchant weapon {unknown}
Potions
 i - a potion of resistance {unknown}


   Skills:
 + Level 2.0 Fighting
 * Level 3.3 Long Blades
 - Level 1.5 Throwing
 + Level 3.5 Dodging
 + Level 1.2 Stealth


You had one spell level left.
You didn't know any spells.
Your spell library was empty.

Dungeon Overview and Level Annotations

Branches:
Dungeon (1/15)

Altars:

Annotations:
D:2 Natasha


Innate Abilities, Weirdness & Mutations

You do not eat.
Your natural rate of healing is unusually fast.
You have razor-sharp teeth.
You have supernaturally acute eyesight. (SInv)
You can survive without breathing.
[You are frail. (-10% HP)]


Message History

Natasha stares at you and mumbles some strange words.
You feel yourself slow down.
The leopard gecko bites you but does no damage.
Natasha mumbles some strange words.
The rat closely misses you.
You riposte.
You barely miss the rat. You bite the rat.
You kill the rat!
Natasha mewls in sadness.
The leopard gecko barely misses you.
You riposte.
You slash the leopard gecko!
You kill the leopard gecko!
Natasha wildly gestures.
You feel disoriented.
Natasha mumbles some strange words.
You feel troubled. Natasha misses you.
Found a chain mail.
You barely miss Natasha.
Natasha is moderately wounded.
Natasha claws you.
You die...

#####.....# [# #.....#
.# ###..## .# #.... .#
#.#.#
####.###########...#
#................#.#
#............##.#.#
#.@##.###.##.##.#.#
#5h##.###.##.##.#.#
#.w#...##.##.##.#.#
##.#.55....#.##.##.#.#
....................#
###.#.......#........
#..................
###..##...........#
[..............####


You could see a worm, Natasha, 2 white imps and a shadow imp.

Vanquished Creatures
  A worm (D:2)
  A leopard gecko (D:2)
  A giant cockroach (D:2)
  A hobgoblin (D:2)
  3 bats (D:1)
  3 frilled lizards
  A kobold (D:1)
  3 rats
14 creatures vanquished.

Notes
Turn   | Place    | Note
-------+----------+-------------------------------------------
     0 | D:1      | Hasart the Vampire Gladiator began the quest for the Orb.
     0 | D:1      | Reached XP level 1. HP: 16/16 MP: 1/1
   129 | D:1      | You fall into a shaft and drop 1 floor!
   250 | D:2      | Reached skill level 1 in Stealth
   276 | D:2      | Reached XP level 2. HP: 17/17 MP: 2/2
   460 | D:2      | Noticed Natasha
   473 | D:2      | Slain by Natasha

Levels and vault maps discovered:
D:1:      lemuel_arrival_rhombus, layout_basic
D:2:      layout_loops_ring, lemuel_doored_altar, grunt_ministairs_5,
          uniq_natasha

Skill      XL: |  1  2 |
---------------+-------+-----
Stealth        | 1 |  1.2
Fighting       | 2 |  2.0
Long Blades    | |  3.3
Throwing       | |  1.5
Dodging        | |  3.5

Action                   || total
-------------------------++-------
Melee: Long sword        ||    43
       Bite              ||     5
 Abil: Exsanguinate      ||     1
       Revivify          ||     1
 Stab: Sleeping          ||     3
Armor: Leather armour    ||     9
Dodge: Dodged            ||    28
       Rpst.: Long sword ||     7
